 Dungeon Crawl Stone Soup version 0.21.1-1-g345015f (webtiles) character file.

79 Grenin the Cudgeler (level 4, 0/66 HPs)
             Began as a Troll Berserker on Mar 12, 2018.
             Was a Believer of Trog.
             Succumbed to a gnoll's poison
             ... on level 2 of the Dungeon.
             The game lasted 00:09:57 (1321 turns).

Grenin the Cudgeler (Troll Berserker)               Turns: 1321, Time: 00:09:58

Health: 0/66       AC:  5    Str: 31    XL:     4   Next: 16%
Magic:  3/3        EV: 10    Int:  3    God:    Trog [**....]
Gold:   81         SH:  0    Dex:  9    Spells: 3/3 levels left

rFire    . . .     SeeInvis .   g - +0 mace
rCold    . . .     Gourm    +   (no shield)
rNeg     . . .     Faith    .   b - +0 animal skin
rPois    .         Spirit   .   (helmet restricted)
rElec    .         Reflect  .   (no cloak)
rCorr    .         Harm     .   (gloves unavailable)
MR       .....                  (boots unavailable)
Stlth    ..........             (no amulet)
HPRegen  0.61/turn              (no ring)
MPRegen  0.08/turn              (no ring)

@: berserking (expiring), lethally poisoned (0 -> -23), very quick
A: large, unfitting armour, claws 3, fast metabolism 3, gourmand, regeneration
1, shaggy fur 1, tough skin 2
a: Berserk, Trog's Hand, Burn Spellbooks, Renounce Religion


You were on level 2 of the Dungeon.
You worshipped Trog.
Trog was pleased with you.
You were not hungry.

You visited 1 branch of the dungeon, and saw 2 of its levels.

You collected 81 gold pieces.

Inventory:

Hand Weapons
 a - a +0 mace
 g - a +0 mace (weapon)
Armour
 b - a +0 animal skin (worn)
Scrolls
 d - 2 scrolls of identify {unknown}
 e - 2 scrolls of teleportation {unknown}
 f - a scroll of remove curse {unknown}
Potions
 h - 2 potions of cancellation {unknown}
 i - a potion of resistance {unknown}
 k - a potion of curing
 l - a potion of magic
 m - a potion of might
Comestibles
 c - a chunk of flesh


   Skills:
 + Level 2.8 Fighting
 + Level 3.4 Maces & Flails
 + Level 3.3 Dodging


You had 3 spell levels left.
You didn't know any spells.

Dungeon Overview and Level Annotations

Branches:
Dungeon (2/15)

Altars:


Innate Abilities, Weirdness & Mutations

You are too large for most types of armour.
You have claws for hands.
Your metabolism is lightning-fast.
You like to eat raw meat.
Your natural rate of healing is unusually fast.
You are covered in fur. (AC +1)
You have very tough skin. (AC +2)


Message History

The adder is severely wounded.
* * * LOW HITPOINT WARNING * * *
You feel sick. The adder bites you.
* * * LOW HITPOINT WARNING * * *
The gnoll misses you.
You thump the adder!
You kill the adder!
Trog accepts your kill.
* * * LOW HITPOINT WARNING * * *
You feel very sick. The gnoll barely misses you.
The gnoll hits you from afar with a spear of venom.
* * * LOW HITPOINT WARNING * * *
You are more poisoned.
You are too berserk!
You are too berserk!
You are too berserk!
You closely miss the gnoll.
The gnoll is almost dead.
You die...

#......... ##.###...##
#..# #...#
########..###...##
#>................
#.#####.#..).....)
#######.# #.....%....)
.....g#.# ##..###...##
.....g†@# #..# #...#
......#g# #..###...##
......#.# #..........
..... #)# #..#####(#.
###.# #.# #...##<#...
#. #.# ###.##.#.## #
#.# #.##.#.## #.#
#.)..#...
#.###.#########.#####.


You could see 3 gnolls.

Vanquished Creatures
  2 adders (D:2)
  A worm (D:2)
  2 dart slugs
  2 leopard geckos
  6 bats
  3 giant cockroaches (D:1)
  7 goblins
  4 hobgoblins
  7 jackals (D:1)
  A frilled lizard (D:1)
  8 kobolds
  6 rats
49 creatures vanquished.

Notes
Turn   | Place    | Note
-------+----------+-------------------------------------------
     0 | D:1      | Grenin the Troll Berserker began the quest for the Orb.
     0 | D:1      | Reached XP level 1. HP: 22/22 MP: 0/0
    90 | D:1      | Reached XP level 2. HP: 22/29 MP: 1/1
   349 | D:1      | Reached ** piety under Trog
   475 | D:1      | Reached XP level 3. HP: 32/36 MP: 2/2
  1314 | D:2      | Reached XP level 4. HP: 44/44 MP: 3/3
  1320 | D:2      | HP: 1/66 [gnoll/spear of venom (6)]
  1321 | D:2      | Succumbed to a gnoll's poison

Skill      XL: |  1  2  3 |
---------------+----------+-----
Maces & Flails | 3 |  3.4
Dodging        | 3 |  3.3
Fighting       | |  2.8

Action                   |  1- 3 |  4- 6 || total
-------------------------+-------+-------++-------
Melee: Mace              |   147 |     7 ||   154
Invok: Berserk           |     3 |       ||     3
       Trog's Hand       |     2 |       ||     2
  Use: Potion            |     5 |       ||     5
 Stab: Sleeping          |     1 |       ||     1
  Eat: Chunk             |     9 |       ||     9
       Ration            |     2 |       ||     2
Armor: Animal skin       |   165 |     2 ||   167
Dodge: Dodged            |   204 |     4 ||   208
